 Dungeon Crawl Stone Soup version 0.29.1-1-gd02db6906a (webtiles) character file.

Game seed: 12626433930444697146

30555 groxkiller the Severer (level 13, -1/109 HPs)
             Began as a Minotaur Berserker on Sept 30, 2022.
             Was an Elder of Trog.
             Succumbed to a cane toad's poison
             ... on level 3 of the Abyss.
             The game lasted 01:14:31 (22396 turns).

groxkiller the Severer (Minotaur Berserker)        Turns: 22396, Time: 01:14:32

Health: -1/109     AC: 13    Str: 25    XL:     13   Next: 21%
Magic:  6/19       EV:  9    Int:  4    God:    Trog [****..]
Gold:   572        SH:  0    Dex:  8    Spells: 12/12 levels left

rFire   . . .      SeeInvis .   N - +4 scimitar (flame)
rCold   . . .      Faith    .   (no shield)
rNeg    . . .      Spirit   +   y - +1 plate armour
rPois   .          Reflect  .   E - +1 hat
rElec   .          Harm     .   (no cloak)
rCorr   .          Rampage  .   u - +0 pair of gloves
Will    +....                   (no boots)
Stlth   ..........              z - amulet of guardian spirit
HPRegen 0.28/turn               q - ring of willpower
MPRegen 0.16/turn               d - ring of magical power

@: lethally poisoned (-1 -> -12)
A: horns 2, retaliatory headbutt, robust 1, [clumsy 1], [deformed body],
[deterioration 2], [frail 2], [low MP 1], [screaming 2], ([teleportitis 2]),
[weak 1]
a: Renounce Religion, Berserk, Trog's Hand, Brothers in Arms


You were on level 3 of the Abyss.
You worshipped Trog.
Trog was greatly pleased with you.
You visited 2 branches of the dungeon, and saw 14 of its levels.
You visited the Abyss 1 time.
You also visited: Bailey.

You collected 874 gold pieces.
You spent 302 gold pieces at shops.

Inventory:

Hand Weapons
 N - a +4 scimitar of flaming (weapon)
 Q - a +4 executioner's axe of distortion
Missiles
 p - 60 stones
Armour
 u - a +0 pair of gloves (worn)
 y - a +1 plate armour (worn)
 E - a +1 hat (worn)
Jewellery
 d - a ring of magical power (right hand)
 n - a ring of flight
 o - a ring of willpower
 q - a ring of willpower (left hand)
 z - an amulet of guardian spirit (around neck)
 B - an amulet of faith
 F - a ring of ice
 G - a ring of ice
 O - an amulet of regeneration
Wands
 l - a wand of acid (26)
 s - a wand of mindburst (4) (quivered)
 M - a wand of flame (8)
 P - a wand of iceblast (7)
 R - a wand of charming (2)
Scrolls
 e - 7 scrolls of teleportation
 m - a scroll of fear
 v - a scroll of magic mapping
 C - 3 scrolls of identify
 D - 2 scrolls of immolation
 H - 2 scrolls of blinking
 I - a scroll of amnesia
 K - a scroll of summoning
 L - 2 scrolls of poison
Potions
 a - 7 potions of curing
 b - a potion of heal wounds
 c - 7 potions of lignification
 f - 2 potions of degeneration
 g - 7 potions of might
 h - a potion of ambrosia {unknown}
 i - 3 potions of cancellation {unknown}
 j - 3 potions of magic
 k - 7 potions of brilliance
 r - 2 potions of mutation
 t - a potion of berserk rage {unknown}
 w - 3 potions of invisibility
 x - 6 potions of haste
 A - a potion of resistance {unknown}
Miscellaneous
 J - a phantom mirror


   Skills:
 * Level 13.4 Fighting
 - Level 0.6 Long Blades
 - Level 20.0 Axes
 + Level 10.0 Armour
 * Level 7.2 Dodging
 - Level 1.1 Stealth
 - Level 1.1 Evocations


You had 12 spell levels left.
You didn't know any spells.
Your spell library contained the following spells:

 Spells                   Type           Power      Damage    Failure   Level
 Apportation              Tloc           0%         N/A       99%         1
 Necrotise                Necr           0%         1d4       99%         1
 Slow                     Hex            0%         N/A       99%         1
 Sting                    Tmut/Pois      0%         1d3       99%         1
 Summon Small Mammal      Summ           0%         N/A       99%         1
 Poisonous Vapours        Pois/Air       0%         N/A       100%        2
 Confusing Touch          Hex            0%         N/A       100%        3
 Inner Flame              Hex/Fire       0%         N/A       100%        3
 Ozocubu's Armour         Ice            0%         N/A       100%        3
 Swiftness                Air            0%         N/A       100%        3
 Vampiric Draining        Necr           0%         2d6       100%        3
 Anguish                  Hex/Necr       0%         N/A       100%        4
 Cause Fear               Hex            0%         N/A       100%        4
 Olgreb's Toxic Radiance  Pois           0%         N/A       100%        4
 Fireball                 Conj/Fire      0%         3d3       100%        5
 Metabolic Englaciation   Hex/Ice        0%         N/A       100%        5
 Simulacrum               Ice/Necr       0%         N/A       100%        6
 Starburst                Conj/Fire      0%         6d3       100%        6
 Discord                  Hex            0%         N/A       100%        8
 Ignition                 Fire           0%         3d3       100%        8
 Maxwell's Capacitive Co  Air            0%         ∞         100%        8


Dungeon Overview and Level Annotations

Branches:
Dungeon (11/15)            Temple (0/1) D:6            Lair (3/5) D:11
    Orc (0/2) D:11         Bailey (visited)
  Swamp: Lair:2-3    Shoals: Lair:2-3     Snake: Lair:2-3    Spider: Lair:2-3

Altars:
Gozag
Nemelex Xobeh
Okawaru
Ru
Trog
Xom
Yredelemnul

Shops:
D:11 (!!*[

Annotations:
Lair:1 exclusion: 2 oklob plants


Innate Abilities, Weirdness & Mutations

You have a pair of horns on your head.
You reflexively headbutt those who attack you in melee.
You are robust. (+10% HP)
[You are clumsy. (Dex -2)]
[Armour fits poorly on your strangely shaped body.]
[Your body often deteriorates upon taking damage.]
[You are very frail. (-20% HP)]
[Your magical capacity is low. (-10% MP)]
[You frequently scream uncontrollably at your foes.]
[((You are often teleported next to monsters.))]
[You are weak. (Str -2)]


Message History

You start resting.
A cane toad is nearby!
A cane toad is nearby!
You start resting.
You feel yourself speed up.
You start resting.
You can drink potions again.
You start resting.
A cane toad is nearby!
You start resting.
You recover from your berserk rage.
You start resting.
A cane toad is nearby!
A cane toad is nearby!
The cane toad gives a loud, deep croak!
You slash the cane toad! You burn the cane toad.
The cane toad is moderately wounded.
The cane toad stings you.
You closely miss the cane toad. Your headbutt misses the cane toad.
The cane toad is moderately wounded.
The cane toad stings you. x2
* * * LOW HITPOINT WARNING * * *
You slash the cane toad! You burn the cane toad.
The cane toad is heavily wounded.
The cane toad stings you!
* * * LOW HITPOINT WARNING * * *
The cane toad stings you!
* * * LOW HITPOINT WARNING * * *
You are lethally poisoned!
The cane toad poisons you! The cane toad attacks as you move away!
The cane toad barely misses you.
* * * LOW HITPOINT WARNING * * *
You feel very sick.
* * * LOW HITPOINT WARNING * * *
You feel very sick.
* * * LOW HITPOINT WARNING * * *
You feel very sick.
You hit the cane toad but do no damage.
The cane toad is heavily wounded.
You die...

#. .. #..#...# .
#.. ...#
######..§...#######
. ........§Z......
......... ....###
........##....... #
# .
........##........
. ........##.......
# ........F@.......
. . #
################>#
#


You could see a cane toad.

Vanquished Creatures
  Gastronok (D:9)
  The ghost of Ixoagrun the Bludgeoner, a journeyman MiFi of Okawaru (Lair:3)
  Josephine (D:11)
  Erolcha (D:11)
  Fannar (D:10)
  A boulder beetle (D:11)
  4 hydras
  A two-headed ogre (D:11)
  Erica (D:11)
  Urug (Lair:2)
  Sonja (Lair:1)
  A wretched star (Abyss:3)
  Nergalle (D:10)
  Amaemon (D:8)
  Pikel (D:7)
  A cyclops (D:11)
  Joseph (Lair:1)
  4 cane toads
  A gargoyle (D:11)
  6 komodo dragons
  A rime drake (Lair:2)
  2 polar bears
  2 trolls (D:11)
  A hornet (D:8)
  A tyrant leech (Lair:3)
  3 blink frogs (Lair:2)
  18 yaks
  A ynoxinul (Abyss:3)
  5 shadows (D:11)
  5 wraiths
  2 basilisks
  6 wyverns
  4 vampire mosquitoes
  Grum (Lair:1)
  2 steam dragons
  A swamp worm (Lair:3)
  6 water moccasins
  A hell hound (Lair:2)
  2 acid dragons
  2 orc warriors
  A sky beast (D:6)
  A swamp drake (D:11)
  3 ice beasts
  8 wolves
  2 black bears
  9 centaurs
  A lemure (D:7)
  A phantom (D:7)
  12 bullfrogs
  A necrophage (D:6)
  A scorpion (Lair:3)
  11 wights
  7 killer bees
  5 howler monkeys
  An electric eel (Lair:3)
  7 hounds
  A gnoll bouda (D:7)
  10 orc priests
  3 iguanas
  Natasha (thrice) (D:3)
  11 orc wizards
  6 hell rats (Lair:2)
  15 gnolls
  7 adders
  A shadow imp (D:7)
  2 white imps (D:7)
  An ufetubus (D:4)
  3 worms
  2 dart slugs
  49 orcs
  6 ball pythons
  3 bats
  5 endoplasms
  4 giant cockroaches (D:1)
  11 hobgoblins
  4 jackals
  12 kobolds
  3 quokkas
  3 frilled lizards
  22 goblins
  8 rats
363 creatures vanquished.

Vanquished Creatures (collateral kills)
  An orange demon (D:8)
1 creature vanquished.

Vanquished Creatures (others)
  A centaur warrior (D:11)
  An unseen horror (D:11)
  An orc warrior (D:11)
  An orc wizard (D:11)
  An orc (D:9)
  A bush (D:8)
  8 fungi
  27 plants
41 creatures vanquished.

Grand Total: 405 creatures vanquished

Notes
Turn   | Place    | Note
-------+----------+-------------------------------------------
     0 | D:1      | groxkiller the Minotaur Berserker began the quest for the
                  | Orb.
     0 | D:1      | Reached XP level 1. HP: 19/19 MP: 0/0
   110 | D:1      | You fall into a shaft and drop 1 floor!
   129 | D:2      | Reached skill level 4 in Axes
   219 | D:2      | Reached XP level 2. HP: 26/26 MP: 1/1
   683 | D:1      | Reached skill level 5 in Axes
   792 | D:1      | Reached XP level 3. HP: 31/31 MP: 2/2
  1825 | D:2      | Reached ** piety under Trog
  1863 | D:2      | Found a faded altar of an unknown god.
  1886 | D:2      | Reached XP level 4. HP: 29/39 MP: 3/3
  2183 | D:3      | Noticed an ice beast
  2189 | D:3      | Killed an ice beast
  2190 | D:3      | Reached skill level 6 in Axes
  2190 | D:3      | Reached skill level 1 in Stealth
  2190 | D:3      | Reached XP level 5. HP: 45/45 MP: 4/4
  2494 | D:3      | Noticed Natasha
  2502 | D:3      | Killed Natasha
  2503 | D:3      | Reached skill level 7 in Axes
  2972 | D:3      | Noticed Natasha
  2987 | D:3      | Killed Natasha
  3078 | D:3      | Noticed Natasha
  3099 | D:3      | Killed Natasha
  3321 | D:4      | Reached skill level 8 in Axes
  3321 | D:4      | Reached XP level 6. HP: 51/51 MP: 5/5
  4143 | D:4      | Reached skill level 9 in Axes
  4702 | D:4      | Found an opulent altar of Gozag.
  4898 | D:4      | Reached *** piety under Trog
  5504 | D:5      | Entered Level 5 of the Dungeon
  5512 | D:5      | Reached XP level 7. HP: 50/57 MP: 6/6
  5961 | D:5      | Reached skill level 10 in Axes
  6372 | D:5      | Reached skill level 11 in Axes
  7158 | D:6      | Identified the +2 robe of Oninev {Harm Int+2 Dex+2}
  7224 | D:6      | Reached XP level 8. HP: 64/64 MP: 7/7
  7531 | D:6      | Found a staircase to the Ecumenical Temple.
  7549 | D:6      | Reached skill level 12 in Axes
  7738 | D:6      | Found a bloodstained altar of Trog.
  7892 | D:6      | Reached skill level 13 in Axes
  8654 | D:7      | Reached skill level 14 in Axes
  8654 | D:7      | Reached XP level 9. HP: 70/70 MP: 8/8
  9219 | D:7      | Found a sacrificial altar of Ru.
  9226 | D:7      | Found a sparkling altar of Nemelex Xobeh.
  9688 | D:7      | Reached **** piety under Trog
  9781 | D:7      | Reached skill level 15 in Axes
 10184 | D:7      | Noticed Pikel
 10228 | D:7      | Killed Pikel
 10229 | D:7      | Reached skill level 16 in Axes
 11245 | D:8      | Found a flagged portal.
 11256 | Bailey   | Entered a bailey
 11496 | Bailey   | Reached XP level 10. HP: 41/70 MP: 9/9
 11950 | D:8      | Reached skill level 17 in Axes
 12628 | D:8      | Noticed an orange demon
 12656 | D:8      | Noticed Amaemon
 12706 | D:8      | Killed Amaemon
 12712 | D:8      | Killed an orange demon
 12713 | D:8      | Reached skill level 18 in Axes
 13164 | D:8      | Gained mutation: Your natural rate of healing is unusually
                  | fast. [potion of mutation]
 13164 | D:8      | Gained mutation: You have large cloven feet. [potion of
                  | mutation]
 13164 | D:8      | Gained mutation: [Your body sometimes deteriorates upon
                  | taking damage.] [potion of mutation]
 13165 | D:8      | Lost mutation: [Your body sometimes deteriorates upon
                  | taking damage.] [potion of mutation]
 13165 | D:8      | Lost mutation: You have large cloven feet. [potion of
                  | mutation]
 13165 | D:8      | Lost mutation: Your natural rate of healing is unusually
                  | fast. [potion of mutation]
 13165 | D:8      | Gained mutation: You are resistant to electric shocks.
                  | (rElec) [potion of mutation]
 13166 | D:8      | Lost mutation: You are resistant to electric shocks.
                  | (rElec) [potion of mutation]
 13166 | D:8      | Gained mutation: You are covered in fur. (AC +1) [potion of
                  | mutation]
 13166 | D:8      | Gained mutation: Your mind is acute. (Int +4, Str/Dex -1)
                  | [potion of mutation]
 13166 | D:8      | Lost mutation: Your mind is acute. (Int +4, Str/Dex -1)
                  | [potion of mutation]
 13167 | D:8      | Lost mutation: You are covered in fur. (AC +1) [potion of
                  | mutation]
 13167 | D:8      | Gained mutation: You are somewhat resistant to further
                  | mutation. [potion of mutation]
 13168 | D:8      | Lost mutation: You are somewhat resistant to further
                  | mutation. [potion of mutation]
 13168 | D:8      | Gained mutation: [Armour fits poorly on your strangely
                  | shaped body.] [potion of mutation]
 13168 | D:8      | Gained mutation: You are strong-willed. (Will+) [potion of
                  | mutation]
 13169 | D:8      | Lost mutation: You are strong-willed. (Will+) [potion of
                  | mutation]
 13169 | D:8      | Lost mutation: [Armour fits poorly on your strangely shaped
                  | body.] [potion of mutation]
 13169 | D:8      | Gained mutation: Your spells are a little easier to cast,
                  | but a little less powerful. [potion of mutation]
 13169 | D:8      | Gained mutation: You have a pair of large horns on your
                  | head. [potion of mutation]
 13169 | D:8      | Gained mutation: You have sharp toenails. [potion of
                  | mutation]
 13170 | D:8      | Lost mutation: Your spells are a little easier to cast, but
                  | a little less powerful. [potion of mutation]
 13170 | D:8      | Lost mutation: You have a pair of large horns on your head.
                  | [potion of mutation]
 13170 | D:8      | Gained mutation: You possess an exceptional clarity of
                  | mind. [potion of mutation]
 13170 | D:8      | Lost mutation: You possess an exceptional clarity of mind.
                  | [potion of mutation]
 13170 | D:8      | Lost mutation: You have sharp toenails. [potion of
                  | mutation]
 13170 | D:8      | Gained mutation: You are robust. (+10% HP) [potion of
                  | mutation]
 13397 | D:9      | Found an iron altar of Okawaru.
 13898 | D:9      | Noticed Gastronok
 13937 | D:9      | Killed Gastronok
 13938 | D:9      | Reached skill level 19 in Axes
 14054 | D:9      | Found a basalt altar of Yredelemnul.
 14509 | D:10     | Entered Level 10 of the Dungeon
 14793 | D:10     | Reached XP level 11. HP: 90/90 MP: 10/10
 14887 | D:10     | Got Seehaeh's Exposition on Meteoric Malignant Liturgies
 15192 | D:10     | Noticed Fannar
 15217 | D:10     | Killed Fannar
 15218 | D:10     | Reached skill level 20 in Axes
 15218 | D:10     | Reached skill level 1 in Evocations
 15781 | D:10     | Noticed Nergalle
 15789 | D:10     | Killed Nergalle
 15915 | D:11     | Found Odaceg's Distillery.
 15977 | D:11     | Reached skill level 5 in Fighting
 16065 | D:11     | Bought a potion of might for 64 gold pieces
 16065 | D:11     | Bought 2 potions of curing for 96 gold pieces
 16070 | D:11     | Found Iklyloza's General Store.
 16078 | D:11     | Bought a scroll of brand weapon for 142 gold pieces
 16139 | D:11     | Killed a centaur warrior
 16197 | D:11     | Found Tigef's Antique Armour Shop.
 16208 | D:11     | Noticed Josephine
 16228 | D:11     | Killed Josephine
 16229 | D:11     | Reached skill level 5 in Armour
 16256 | D:11     | Noticed a two-headed ogre
 16284 | D:11     | Killed a two-headed ogre
 16750 | D:11     | Reached skill level 5 in Dodging
 16850 | D:11     | Found Vuyhic's Distillery.
 16854 | D:11     | Noticed Erolcha
 16862 | D:11     | Killed Erolcha
 16863 | D:11     | Reached XP level 12. HP: 114/114 MP: 11/11
 17005 | D:11     | Noticed Erica
 17020 | D:11     | Killed Erica
 17157 | D:11     | Noticed a boulder beetle
 17168 | D:11     | Killed a boulder beetle
 17331 | D:11     | Found Vecs's Antique Weapon Shop.
 17339 | D:11     | Found a staircase to the Orcish Mines.
 17443 | D:11     | Found a shimmering altar of Xom.
 17604 | D:11     | Reached skill level 10 in Fighting
 17761 | D:11     | Found a staircase to the Lair.
 18136 | Lair:1   | Entered Level 1 of the Lair of Beasts
 18228 | Lair:1   | Noticed Sonja
 18240 | Lair:1   | Killed Sonja
 18511 | Lair:1   | Noticed a six-headed hydra
 18732 | Lair:1   | Killed a two-headed hydra
 18924 | Lair:1   | Noticed Grum
 18935 | Lair:1   | Killed Grum
 18937 | Lair:1   | Noticed Joseph
 19168 | Lair:1   | Killed Joseph
 19350 | Lair:1   | Noticed a six-headed hydra
 19360 | Lair:1   | Killed a three-headed hydra
 19963 | Lair:2   | Noticed a five-headed hydra
 19976 | Lair:2   | Killed a one-headed hydra
 20166 | Lair:2   | Noticed a four-headed hydra
 20179 | Lair:2   | Killed a one-headed hydra
 20181 | Lair:2   | Noticed Urug
 20207 | Lair:2   | Killed Urug
 20614 | Lair:2   | Identified a scroll of acquirement
 20614 | Lair:2   | Acquired a +3 executioner's axe of distortion
 21497 | Lair:3   | Reached XP level 13. HP: 115/130 MP: 12/12
 22158 | Lair:3   | Found a runed translucent door.
 22174 | Lair:3   | Noticed Ixoagrun's ghost (journeyman MiFi)
 22184 | Lair:3   | Killed Ixoagrun's ghost
 22271 | Abyss:3  | Cast into level 3 of the Abyss (unwielding a weapon of
                  | distortion)
 22358 | Abyss:3  | Reached skill level 10 in Armour
 22394 | Abyss:3  | HP: 5/109 [poisoned by a cane toad]
 22395 | Abyss:3  | HP: 2/109 [poisoned by a cane toad]
 22396 | Abyss:3  | Succumbed to a cane toad's poison

Illustrated notes

Levels and vault maps discovered:
D:1:      reono_arrival_forest_river, layout_loops_ring,
          minmay_misc_feat_plants, minmay_pentomino_o2
D:2:      layout_rooms, serial_forest, infiniplex_forest_lined_corner,
          infiniplex_forest_end_3, infiniplex_forest_straight_5,
          infiniplex_forest_clump_cross, infiniplex_forest_clump_curved,
          infiniplex_forest_straight_1, infiniplex_forest_lined_3,
          infiniplex_forest_clump_diagonal, infiniplex_forest_clump_double,
          hellmonk_ecumenical_altar_lost_god
D:3:      layout_rooms, hangedman_glass_teeth, uniq_natasha
D:4:      corexii_shantytown, layout_layer_cave,
          nicolae_gozag_cash_rules_everything_around_me,
          nicolae_ossuary_entry_false_entrances, minmay_cut_off
D:5:      layout_layer_cave
D:6:      layout_basic, mainiacjoe_overflow_small_starburst,
          minmay_temple_entry_ruins, serial_glass, glass_columns_a,
          glass_columns_a
D:7:      layout_gridville, chequers_temple_overflow_statue_of_worship,
          uniq_pikel
D:8:      layout_gridville, enter_bailey_3, kb_lookout_dungeons_type,
          chequers_serial_rivers_micro_b, st_stairs_2,
          hangedman_decor_peaks_small, uniq_amaemon
D:9:      layout_basic, mainiacjoe_overflow_swirl, uniq_gastronok
D:10:     layout_stronghold, uniq_nergalle, uniq_fannar
D:11:     layout_irregular_city, erik_lair_dragon, orc_0_dummy, serial_shops,
          nicolae_shop_overgrown_old_shop, nicolae_diamond_shop,
          nicolae_shop_waterfront, nicolae_take_the_stairs,
          nicolae_shop_window_shopping, xom_confusion_cloud, uniq_erolcha,
          uniq_erica, uniq_josephine
Lair:1:   dpeg_oklob_gauntlet, layout_loops_ring, uniq_sonja, uniq_joseph,
          uniq_grum
Lair:2:   layout_cave_pods, enter_volcano_3, uniq_urug
Lair:3:   layout_misc_corridors, minmay_swamp_entry_worms,
          nicolae_spider_entry_non_spiders, ebering_ghost_reflecting_pool,
          serial_bayou_shore_a, lemuel_fruit_fields
Abyss:3:  base: D:11, base:
D:10

Skill      XL: |  1  2  3  4  5  6  7  8  9 10 11 12 13 |
---------------+----------------------------------------+-----
Axes           | 4 5 6 8 9 11 14 16 19 20 | 20.0
Stealth        | 1 |  1.1
Evocations     | 1 |  1.1
Fighting       | 9 12 13 | 13.4
Armour         | 6 9 10 | 10.0
Dodging        | 5 6 7 |  7.2
Long Blades    | |  0.6

Action                   |  1- 3 |  4- 6 |  7- 9 | 10-12 | 13-15 || total
-------------------------+-------+-------+-------+-------+-------++-------
Melee: Hand axe          |    98 |     7 |       |       |       ||   105
       Headbutt          |    14 |    23 |    27 |    73 |    18 ||   155
       Battleaxe         |       |   140 |   249 |   379 |       ||   768
       Scimitar          |       |       |       |    27 |    30 ||    57
       Executioner's axe |       |       |       |    23 |    51 ||    74
       Punch             |       |       |       |       |     1 ||     1
Invok: Berserk           |     1 |     2 |     7 |    12 |     2 ||    24
       Trog's Hand       |       |     2 |       |     8 |       ||    10
       Brothers in Arms  |       |       |     1 |     1 |       ||     2
Evoke: Wand              |       |       |     1 |     1 |     1 ||     3
  Use: Scroll            |       |    14 |     7 |     8 |       ||    29
       Potion            |       |       |       |    13 |       ||    13
 Stab: Sleeping          |     2 |       |       |       |       ||     2
Armor: Animal skin       |     5 |       |       |       |       ||     5
       Chain mail        |    12 |    71 |       |       |       ||    83
       Ring mail         |     4 |       |       |       |       ||     4
       Plate armour      |       |     5 |   155 |   233 |    30 ||   423
Dodge: Dodged            |    39 |    53 |    88 |   163 |    31 ||   374
